 Dungeon Crawl Stone Soup version 0.29.1-15-g9cfb28693d (webtiles) character file.

Game seed: 4150767172282327755

106 firemarshallily the Sneak (level 4, -5/30 HPs)
             Began as an Octopode Brigand on Feb 23, 2023.
             Was a Follower of Jiyva.
             Slain by a gnoll
             ... wielding a +0 halberd
              (15 damage)
             ... on level 3 of the Dungeon.
             The game lasted 00:04:46 (1749 turns).

firemarshallily the Sneak (Octopode Brigand)        Turns: 1749, Time: 00:04:47

Health: -5/30      AC:  1    Str: 10    XL:     4   Next: 84%
Magic:  4/4        EV:  9    Int: 13    God:    Jiyva [*.....]
Gold:   95         SH:  0    Dex: 15    Spells: 3/3 levels left

rFire   . . .      SeeInvis .   a - +2 dagger
rCold   . . .      Faith    .   (no shield)
rNeg    . . .      Spirit   .   (helmet restricted)
rPois   .          Reflect  .   (no amulet)
rElec   .          Harm     .   (no ring)
rCorr   .          Rampage  .   (no ring)
Will    .....                   (no ring)
Stlth   ++++......              (no ring)
HPRegen 0.90/turn               (no ring)
MPRegen 0.34/turn               (no ring)
                                (no ring)
                                (no ring)

@: constricted
A: almost no armour, amphibious, 8 rings, camouflage 1, gelatinous body 1,
(nimble swimmer 1), tentacles
a: Renounce Religion


You were on level 3 of the Dungeon.
You worshipped Jiyva.
Jiyva was aware of your devotion.
You visited 1 branch of the dungeon, and saw 3 of its levels.

You collected 95 gold pieces.

Inventory:

Hand Weapons
 a - a +2 dagger (weapon)
Missiles
 b - 12 poisoned darts (quivered)
 c - 3 curare-tipped darts
Jewellery
 i - a ring of fire
 o - a +6 ring of dexterity
Scrolls
 d - a scroll of enchant weapon {unknown}
 f - a scroll of enchant armour
 g - a scroll of vulnerability {unknown}
 j - a scroll of identify
 n - a scroll of blinking {unknown}
 p - a scroll of silence
 q - a scroll of poison {unknown}
Potions
 e - a potion of curing {unknown}
 h - a potion of berserk rage {unknown}
 k - 3 potions of degeneration {unknown}
 l - a potion of flight {unknown}
 m - 2 potions of haste {unknown}


   Skills:
 + Level 2.7 Fighting
 * Level 3.4 Short Blades
 - Level 2.0 Throwing
 - Level 1.0 Dodging
 * Level 6.6 Stealth


You had 3 spell levels left.
You didn't know any spells.
Your spell library contained the following spells:

 Spells                   Type           Power      Damage    Failure   Level
 Magic Dart               Conj           0%         1d3       30%         1
 Searing Ray              Conj           0%         2d4       43%         2
 Conjure Flame            Conj/Fire      0%         6-21      67%         3
 Dazzling Flash           Conj/Hex       0%         N/A       67%         3
 Ignite Poison            Fire/Tmut/Pois 0%         N/A       67%         3
 Fulminant Prism          Conj/Hex       0%         3d6       97%         4
 Iskenderun's Mystic Bla  Conj/Tloc      0%         2d3       97%         4
 Sticky Flame             Conj/Fire      0%         2d3       97%         4
 Starburst                Conj/Fire      0%         6d3       100%        6


Dungeon Overview and Level Annotations

Branches:
Dungeon (3/15)

Altars:
Jiyva


Innate Abilities, Weirdness & Mutations

You cannot wear most types of armour.
You are amphibious.
You can wear up to eight rings at the same time.
Your skin changes colour to match your surroundings (Stealth+).
Your rubbery body absorbs attacks. (AC +1, EV +1)
((You are camouflaged when in or above water. (Stealth+)))
You have tentacles for arms and can constrict up to eight enemies at once.


Message History

You squeeze the gnoll, but do no damage.
You constrict the gnoll, but do no damage.
The gnoll misses you. The gnoll completely misses you.
The gnoll hits you with a +0 flail.
You hit the gnoll. You grab the gnoll. You squeeze the gnoll.
The gnoll is severely wounded.
You constrict the gnoll. x2; The gnoll closely misses you.
The gnoll hits you with a +0 flail. The gnoll closely misses you.
You hit the gnoll but do no damage.
The gnoll is lightly wounded.
You constrict the gnoll. x2; The ball python barely misses you. x2
The gnoll hits you with a +0 flail. The gnoll misses you.
The gnoll barely misses you.
Unknown command.
Okay, then.
You hit the gnoll.
The gnoll is almost dead.
You constrict the gnoll, but do no damage. x2
The ball python bites you. The ball python grabs you.
The ball python constricts you.
You hit the gnoll.
You kill the gnoll!
You constrict the gnoll. The gnoll barely misses you.
The gnoll hits you with a +0 whip!
The ball python bites you but does no damage.
The ball python constricts you.
You hit the gnoll.
You squeeze the gnoll, but do no damage.
The gnoll is severely wounded.
You constrict the gnoll, but do no damage.
The gnoll closely misses you. The gnoll hits you with a +0 whip.
The ball python bites you. The ball python constricts you.
* * * LOW HITPOINT WARNING * * *
You hit the gnoll.
The gnoll is almost dead.
You constrict the gnoll.
You kill the gnoll!
The gnoll hits you from afar with a +0 halberd!
Ouch! That really hurt!
You die...

###############
#.............#
#.###########.# #.# #.#
#.# ########.##########
#.# #.........g........
#.# #[######.##))......
#.# #.......#.#@#####..
#.# #..#####.##S#
#.####..#####.##r#
#.............##.#
#.####..#####.##.#
.......)# #.##.##
###.##.######.#...##.###
# #.....##.............#
###.##..##.##.#...##.#.#


You could see a gnoll, a ball python and a rat.

Vanquished Creatures
  6 gnolls
  2 adders (D:2)
  A worm (D:2)
  4 ball pythons
  3 bats
  7 endoplasms
  2 giant cockroaches
  4 goblins
  2 hobgoblins
  A quokka (D:1)
  3 frilled lizards
  A kobold (D:3)
  2 rats
38 creatures vanquished.

Notes
Turn   | Place    | Note
-------+----------+-------------------------------------------
     0 | D:1      | firemarshallily the Octopode Brigand began the quest for
                  | the Orb.
     0 | D:1      | Reached XP level 1. HP: 14/14 MP: 1/1
   185 | D:1      | Reached XP level 2. HP: 19/19 MP: 2/2
  1045 | D:2      | Reached XP level 3. HP: 21/24 MP: 3/3
  1093 | D:2      | Reached skill level 6 in Stealth
  1234 | D:2      | Reached XP level 4. HP: 30/30 MP: 4/4
  1502 | D:2      | Found a faded altar of an unknown god.
  1509 | D:2      | Prayed at the altar of an unknown god.
  1509 | D:2      | Became a worshipper of Jiyva Jaufev the Shapeless
  1509 | D:2      | Reached * piety under Jiyva
  1749 | D:3      | Slain by a gnoll

Illustrated notes

Levels and vault maps discovered:
D:1:      dpeg_arrival_tiny_e, layout_basic, minmay_fountain_box, minivault_19,
          minmay_box_of_dots
D:2:      layout_rooms, dreamdust_ecumenical_altar_hidden_monk_grotto,
          chequers_serial_rivers_large_b
D:3:      layout_loops_ring, moated_statue

Skill      XL: |  1  2  3 |
---------------+----------+-----
Stealth        | 6 |  6.6
Short Blades   | 3 |  3.4
Fighting       | |  2.7
Throwing       | |  2.0
Dodging        | |  1.0

Action                   |  1- 3 |  4- 6 || total
-------------------------+-------+-------++-------
Melee: Dagger            |    42 |    20 ||    62
       Tentacles         |     7 |     4 ||    11
       Constrict         |     4 |     4 ||     8
  Use: Scroll            |     6 |       ||     6
 Stab: Sleeping          |    12 |     4 ||    16
Armor: Skin              |     5 |     1 ||     6
Dodge: Dodged            |    14 |    16 ||    30
